 Dungeon Crawl Stone Soup version 0.21.1-1-g345015f (webtiles) character file.

59122 schauveau the Basher (level 14, -1/92 HPs)
             Began as a Gargoyle Fighter on June 2, 2018.
             Was the Champion of Okawaru.
             Slain by an orc warrior
             ... wielding a +0 trident
             ... led by Saint Roka
              (21 damage)
             ... on level 2 of the Orcish Mines.
             The game lasted 00:51:12 (22100 turns).

schauveau the Basher (Gargoyle Fighter)            Turns: 22100, Time: 00:51:12

Health: -1/92      AC: 37    Str: 27    XL:     14   Next: 93%
Magic:  18/18      EV:  7    Int:  9    God:    Okawaru [******]
Gold:   1718       SH: 14    Dex: 16    Spells: 13/13 levels left

rFire    . . .     SeeInvis .   a - +8 flail "Killer Klown's Curse" {venom, rC+ rN+ Str-2 Dex+2}
rCold    + . .     Gourm    .   c - +0 shield
rNeg     + + .     Faith    .   T - +2 plate armour {MR+}
rPois    ∞         Spirit   .   M - +2 hat
rElec    +         Reflect  .   V - +2 cloak
rCorr    .         Harm     .   q - +2 pair of gloves {Dex+3}
MR       ++...                  (no boots)
Stlth    ..........             (no amulet)
HPRegen  0.25/turn              G - +6 ring of strength
MPRegen  0.16/turn              (no ring)

@: flying
A: big wings, blurry vision 1, negative energy resistance 1, electricity
resistance, unbreathing, petrification resistance, rot immunity, AC +10
a: Stop Flying, Heroism, Finesse, Renounce Religion


You were on level 2 of the Orcish Mines.
You worshipped Okawaru.
Okawaru was exalted by your worship.
You were hungry.

You visited 4 branches of the dungeon, and saw 22 of its levels.

You collected 1718 gold pieces.

Inventory:

Hand Weapons
 a - the +8 flail "Killer Klown's Curse" (weapon) {venom, rC+ rN+ Str-2 Dex+2}
   (You found it on level 3 of the Lair of Beasts)

   It poisons the flesh of those it strikes.
   It affects your strength (-2).
   It affects your dexterity (+2).
   It protects you from cold.
   It protects you from negative energy.
 b - the +5 flail of Ohuwnuo {freeze, +Blink Str+2}
   (You took it off an orc on level 5 of the Dungeon)

   It has been specially enchanted to freeze those struck by it, causing extra
   injury to most foes and up to half again as much damage against particularly
   susceptible opponents.
   It can also slow down cold-blooded creatures.
   It affects your strength (+2).
   It lets you blink.
 d - a +0 hand axe of flaming
 s - a +0 morningstar of flaming
 z - a +1 flail of freezing
 E - a +1 war axe of freezing
 U - a +0 blowgun
 X - a +4 morningstar
Missiles
 v - 15 curare-tipped needles
 x - 103 poisoned needles
 C - 24 tomahawks (quivered)
Armour
 c - a +0 shield (worn)
 q - a +2 pair of gloves of dexterity (worn)
 A - the +0 plate armour of Polytheism {rCorr}
   (You found it on level 12 of the Dungeon)

   It protects you from acid and corrosion.
 M - a +2 hat (worn)
 T - a +2 plate armour of magic resistance (worn)
 V - a +2 cloak (worn)
Jewellery
 r - an uncursed ring of ice
 G - a +6 ring of strength (left hand)
Wands
 k - a wand of digging (24)
 m - a wand of flame (59)
 n - a wand of enslavement (1)
 y - a wand of random effects (32)
 B - a wand of iceblast (7)
 H - a wand of paralysis (33)
 K - a wand of acid (21)
 O - a wand of scattershot (9)
Scrolls
 g - 5 scrolls of teleportation
 h - a scroll of enchant weapon
 i - 2 scrolls of holy word
 j - 2 scrolls of amnesia
 o - 2 scrolls of blinking
 u - 5 scrolls of remove curse
 F - 2 scrolls of magic mapping
 J - 2 scrolls of identify
 L - 4 scrolls of torment
 N - a scroll of fog
Potions
 e - 5 potions of flight
 l - a potion of brilliance
 p - a potion of resistance
 t - 3 potions of might
 w - 2 potions of haste
 D - 5 potions of curing
 I - 4 potions of agility
 P - a potion of ambrosia
 Q - a potion of invisibility
 R - a potion of magic
 S - 4 potions of mutation
Comestibles
 f - 23 rations


   Skills:
 + Level 12.3 Fighting
 - Level 3.2(9.8) Axes
 * Level 14.9(15.1) Maces & Flails
 + Level 12.2 Armour
 + Level 12.3 Shields
 - Level 6.0 Invocations
 + Level 5.3 Evocations


You had 13 spell levels left.
You didn't know any spells.

Dungeon Overview and Level Annotations

Branches:
Dungeon (13/15)            Temple (1/1) D:6            Lair (6/6) D:8
  Swamp (0/4) Lair:3       Spider (0/4) Lair:4        Slime (0/5) Lair:6
    Orc (2/2) D:11            Elf (0/3) Orc:2
 Vaults: D:13-14

Altars:
Ashenzari
Cheibriados
Dithmenos
Elyvilon
Fedhas
Gozag
Hepliaklqana
Kikubaaqudgha
Makhleb
Nemelex Xobeh
Okawaru
Qazlal
Ru
Sif Muna
Trog
Uskayaw
Vehumet
Wu Jian
Xom
Yredelemnul
Zin
The Shining One

Shops:
D:11 [(

Annotations:
Orc:2 Saint Roka


Innate Abilities, Weirdness & Mutations

You are resistant to torment.
Your stone body is resilient. (AC +10)
You are immune to poison.
Your large and strong wings let you fly indefinitely.
You resist negative energy. (rN+)
You are resistant to electric shocks. (rElec)
You can survive without breathing.
You are immune to petrification.
You are immune to rotting.
Scrolls take you a little longer to read.


Message History

The ynoxinul is heavily wounded.
You are feeling hungry.
You hear a shout!
The orc knight roars a battlecry!
The orcs go into a battle-frenzy!
Saint Roka invokes the aid of Beogh against you.
Beogh smites you!
* * * LOW HITPOINT WARNING * * *
You block the orc high priest's attack. You block the orc's attack.
The neqoxec hits you but does no damage.
You block the ynoxinul's attack.
The orc priest looks encouraged for a moment.
You hear a shout!
Really read with blurry vision while enemies are nearby? [Y]es or [N]o only, please.
Really read with blurry vision while enemies are nearby? [Y]es or [N]o only, please.
Really read with blurry vision while enemies are nearby?
The orc warrior hits you from afar with a trident!!
You die...

#.......#...............
........................
.....#..####............
....#.# #.....#....> ##
#..$.........
##.....#..#.#.
#.$........#
#.3.#........
##@3#......#..
.o..g8ooo3.........
..o.ggoh5##..#....
....oooo## .......
...oo.o.. #.....
.....8... . o.#####.. ..
...#


You could see Saint Roka, an orc knight, an orc high priest, 2 neqoxecs, a
ynoxinul, a warg, 2 orc warriors, an orc priest, an orc wizard, 3 gnolls, a
white imp and 7 orcs.

Vanquished Creatures
  Gastronok (Lair:1)
  Fannar (Lair:1)
  The ghost of HelloWorld the Grappler, a journeyman TrBe of Trog (D:11)
  Harold (Lair:4)
  The ghost of Darkyelf the Cleaver, a journeyman CeAK of Lugonu (Lair:2)
  The ghost of MarcusAseth the Archer, a journeyman HuAM of Nemelex Xobeh (Lair:1)
  2 hydras
  A queen ant (Lair:3)
  An orc high priest (Orc:2)
  A two-headed ogre (D:11)
  Nergalle (Lair:1)
  Sonja (D:10)
  Pikel (D:5)
  4 orc knights
  A necromancer (Lair:3)
  An ugly thing (D:11)
  2 orc sorcerers (Orc:1)
  A manticore (D:13)
  3 black mambas
  12 elephants
  The ghost of Jaiteiro the Chiller, a novice GrIE of Sif Muna (D:6)
  13 spiny frogs
  4 komodo dragons
  3 rime drakes
  9 polar bears
  A jumping spider (Lair:4)
  4 trolls
  4 hornets
  27 blink frogs
  2 dream sheep (Lair:6)
  5 hippogriffs
  15 yaks
  13 spriggans (Lair:6)
  A shadow (D:12)
  A wyvern (D:10)
  The ghost of Jaiteiro the Vandal, an amateur TrHu (D:3)
  Grum (D:9)
  3 basilisks
  A hungry ghost (D:7)
  2 chaos spawn (D:11)
  3 wargs (Orc:1)
  20 soldier ants (Lair:3)
  10 water moccasins
  16 porcupines
  31 orc warriors
  3 slaves
  3 ice beasts
  4 black bears
  3 phantoms
  3 boggarts (Lair:6)
  2 elephant zombies (Lair:3)
  23 wolves
  9 ogres
  8 centaurs
  9 crocodiles
  3 big kobolds
  18 bullfrogs
  A gnoll sergeant (D:10)
  A water moccasin zombie (D:5)
  6 scorpions
  13 wights
  5 electric eels
  7 crimson imps
  2 bullfrog zombies (D:8)
  12 jellies
  2 quasits
  2 basilisk zombies (Lair:3)
  5 hounds
  14 orc priests
  Ijyb (D:3)
  24 orc wizards
  Natasha (thrice) (D:3)
  3 iguanas
  26 worker ants
  A hound skeleton (D:7)
  A hound zombie (D:7)
  3 worker ant zombies
  19 gnolls
  A howler monkey skeleton (D:4)
  17 adders
  3 shadow imps
  2 oozes (Lair:6)
  3 adder skeletons
  2 worms
  6 leopard geckos
  85 orcs
  4 bats
  3 giant cockroaches
  2 goblins
  4 hobgoblins
  18 jackals
  25 kobolds
  6 quokkas
  6 frilled lizards
  A jackal skeleton (D:6)
  A leopard gecko skeleton (D:6)
  A quokka skeleton (D:5)
  A quokka zombie (D:7)
  11 rats
670 creatures vanquished.

Vanquished Creatures (others)
  2 orc wizards
  2 fungi
  13 plants
17 creatures vanquished.

Grand Total: 687 creatures vanquished

Notes
Turn   | Place    | Note
-------+----------+-------------------------------------------
     0 | D:1      | schauveau the Gargoyle Fighter began the quest for the Orb.
     0 | D:1      | Reached XP level 1. HP: 14/14 MP: 1/1
   262 | D:1      | Reached XP level 2. HP: 19/19 MP: 2/2
   722 | D:3      | Reached XP level 3. HP: 14/23 MP: 3/3
  1099 | D:3      | Noticed Jaiteiro's ghost (amateur TrHu)
  1307 | D:2      | Reached skill level 3 in Maces & Flails
  1398 | D:2      | Reached XP level 4. HP: 29/29 MP: 4/4
  1592 | D:3      | Noticed Ijyb
  1640 | D:3      | Killed Ijyb
  1651 | D:3      | Reached XP level 5. HP: 33/33 MP: 5/5
  2720 | D:3      | Reached skill level 4 in Maces & Flails
  2720 | D:3      | Reached XP level 6. HP: 23/39 MP: 6/6
  3321 | D:3      | Killed Jaiteiro's ghost
  3321 | D:3      | Reached skill level 1 in Axes
  3321 | D:3      | Reached XP level 7. HP: 38/44 MP: 7/7
  3387 | D:3      | Noticed Natasha
  3408 | D:3      | Killed Natasha
  3506 | D:3      | Noticed Natasha
  3517 | D:3      | Killed Natasha
  3581 | D:4      | Reached skill level 5 in Maces & Flails
  3748 | D:3      | Noticed Natasha
  3758 | D:3      | Killed Natasha
  3855 | D:4      | Reached skill level 5 in Fighting
  3855 | D:4      | Reached skill level 5 in Shields
  3882 | D:4      | Reached skill level 5 in Armour
  3941 | D:5      | Entered Level 5 of the Dungeon
  4090 | D:5      | Reached XP level 8. HP: 30/49 MP: 8/8
  4236 | D:5      | Noticed Pikel
  4332 | D:5      | Found a sacrificial altar of Ru.
  4342 | D:5      | Reached skill level 6 in Maces & Flails
  4440 | D:5      | Killed Pikel
  4514 | D:5      | Got a translucent flail {freeze}
  4758 | D:4      | Reached XP level 9. HP: 46/55 MP: 9/9
  4855 | D:4      | Reached skill level 7 in Maces & Flails
  5067 | D:6      | Found a staircase to the Ecumenical Temple.
  5076 | Temple   | Entered the Ecumenical Temple
  5200 | Temple   | Became a worshipper of Warmaster Okawaru
  5243 | D:6      | Found Buuleq's Assorted Antiques.
  5871 | D:6      | Reached * piety under Okawaru
  5930 | D:6      | Reached skill level 8 in Maces & Flails
  6040 | D:6      | Noticed Jaiteiro's ghost (novice GrIE)
  6060 | D:6      | Killed Jaiteiro's ghost
  6549 | D:7      | Reached XP level 10. HP: 36/63 MP: 10/10
  6592 | D:7      | Reached ** piety under Okawaru
  6839 | D:7      | Reached skill level 9 in Maces & Flails
  7050 | D:7      | Identified the +5 flail of Ohuwnuo {freeze, +Blink Str+2} (You took it off an orc on level 5 of the Dungeon)
  7648 | D:8      | Found a staircase to the Lair.
  7688 | Lair:1   | Entered Level 1 of the Lair of Beasts
  7744 | D:8      | Reached *** piety under Okawaru
  8777 | D:9      | Noticed Grum
  8788 | D:9      | Reached skill level 10 in Maces & Flails
  8800 | D:9      | Killed Grum
  8834 | D:9      | Reached **** piety under Okawaru
  8874 | D:9      | Found a hazy altar of Hepliaklqana.
  9020 | D:10     | Entered Level 10 of the Dungeon
  9145 | D:9      | Reached XP level 11. HP: 69/69 MP: 11/11
  9615 | D:10     | Noticed Sonja
  9726 | Lair:1   | Noticed Gastronok
  9743 | Lair:1   | Killed Gastronok
  9743 | Lair:1   | Reached ***** piety under Okawaru
  9743 | Lair:1   | Reached skill level 11 in Maces & Flails
  9866 | Lair:1   | Noticed MarcusAseth's ghost (journeyman HuAM)
  9894 | Lair:1   | Killed MarcusAseth's ghost
  9974 | Lair:1   | Noticed Fannar
 10441 | Lair:2   | Got a fine great sword
 10443 | Lair:2   | Identified the cursed +1 great sword "Omubburgh" {flame, +Blink rF+} (You found it on level 2 of the Lair of Beasts)
 10647 | Lair:1   | Noticed Nergalle
 10659 | Lair:1   | Noticed a spectral orc warlord
 10678 | Lair:1   | Killed Nergalle
 10922 | Lair:1   | Reached XP level 12. HP: 48/77 MP: 12/12
 11281 | Lair:1   | Killed Fannar
 11281 | Lair:1   | Reached skill level 12 in Maces & Flails
 11615 | Lair:2   | Noticed Darkyelf's ghost (journeyman CeAK)
 11673 | Lair:2   | Killed Darkyelf's ghost
 11673 | Lair:2   | Reached skill level 10 in Fighting
 11673 | Lair:2   | Reached skill level 10 in Armour
 11673 | Lair:2   | Reached skill level 10 in Shields
 11708 | Lair:2   | Received a gift from Okawaru
 12298 | Lair:2   | Found an ancient bone altar of Kikubaaqudgha.
 12809 | Lair:3   | Reached ****** piety under Okawaru
 13034 | Lair:3   | Reached skill level 1 in Invocations
 13100 | Lair:3   | Reached skill level 13 in Maces & Flails
 13100 | Lair:3   | Reached skill level 1 in Evocations
 13404 | Lair:3   | Got a warped flail
 13411 | Lair:3   | Identified the +8 flail "Killer Klown's Curse" {venom, rC+ rN+ Str-2 Dex+2} (You found it on level 3 of the Lair of Beasts)
 13456 | Lair:3   | Noticed a queen ant
 13478 | Lair:3   | Killed a queen ant
 13478 | Lair:3   | Reached XP level 13. HP: 61/83 MP: 14/14
 13485 | Lair:3   | Received a gift from Okawaru
 13802 | Lair:3   | Found a staircase to the Swamp.
 14457 | Lair:4   | Noticed Harold
 14472 | Lair:4   | Killed Harold
 14709 | Lair:4   | Found a hole to the Spider Nest.
 15407 | Lair:5   | You fall through a shaft!
 15407 | Lair:6   | Entered Level 6 of the Lair of Beasts
 15857 | Lair:5   | Received a gift from Okawaru
 16680 | Lair:5   | Reached skill level 14 in Maces & Flails
 16746 | Lair:5   | Gained mutation: Your large and strong wings let you fly indefinitely. [Gargoyle growth]
 16746 | Lair:5   | Reached XP level 14. HP: 46/90 MP: 17/17
 17536 | Lair:6   | Reached skill level 5 in Invocations
 17631 | Lair:6   | Found a staircase to the Slime Pits.
 18080 | Lair:6   | Received a gift from Okawaru
 18759 | D:10     | Killed Sonja
 19204 | D:11     | Found a shimmering altar of Xom.
 19239 | D:11     | Found the +0 mace of Variability {chaos}
 19310 | D:11     | Found a staircase to the Orcish Mines.
 19310 | D:11     | Found Ohuaf's Weapon Shoppe.
 19310 | D:11     | Found Hagaess's Armour Shoppe.
 19526 | D:11     | Noticed HelloWorld's ghost (journeyman TrBe)
 19546 | D:11     | Killed HelloWorld's ghost
 20596 | D:12     | Reached skill level 5 in Evocations
 20803 | D:12     | Got a pitted plate armour
 20814 | D:12     | Identified the cursed +0 plate armour of Polytheism {rCorr} (You found it on level 12 of the Dungeon)
 20923 | Orc:1    | Entered Level 1 of the Orcish Mines
 21342 | Orc:2    | Entered Level 2 of the Orcish Mines
 22034 | Orc:2    | Found a staircase to the Elven Halls.
 22087 | Orc:2    | Noticed Saint Roka
 22097 | Orc:2    | Gained mutation: Scrolls take you a little longer to read. [a neqoxec]
 22100 | Orc:2    | Slain by an orc warrior

Skill      XL: |  1  2  3  4  5  6  7  8  9 10 11 12 13 14 |
---------------+-------------------------------------------+-----
Maces & Flails | 3 4 5 6 8 10 11 13 14 | 14.9
Fighting       | 4 5 6 7 8 9 10 11 12 | 12.3
Shields        | 4 5 6 7 8 9 10 11 12 | 12.3
Armour         | 4 5 6 7 8 9 10 11 12 | 12.2
Axes           | 1 2 3 |  3.2
Invocations    | 2 4 6 |  6.0
Evocations     | 1 3 5 |  5.3

Action                   |  1- 3 |  4- 6 |  7- 9 | 10-12 | 13-15 || total
-------------------------+-------+-------+-------+-------+-------++-------
Melee: Flail             |   201 |   105 |    48 |   919 |  1112 ||  2385
       War axe           |       |    36 |       |       |       ||    36
       Morningstar       |       |    28 |   416 |    23 |       ||   467
Throw: Tomahawk          |       |       |       |     2 |    10 ||    12
Invok: Heroism           |       |       |       |     1 |       ||     1
 Abil: Fly               |       |       |       |       |     1 ||     1
  Use: Potion            |       |     2 |     1 |     2 |       ||     5
       Scroll            |       |       |    10 |    17 |     8 ||    35
 Stab: Invisible         |       |       |     3 |       |       ||     3
       Paralysed         |       |       |     1 |       |       ||     1
  Eat: Ration            |     1 |     1 |     2 |     4 |     6 ||    14
       Chunk             |     1 |       |     7 |     8 |     8 ||    24
Armor: Scale mail        |    13 |       |       |       |       ||    13
       Chain mail        |   158 |   130 |   228 |       |   117 ||   633
       Plate armour      |       |       |    99 |   537 |   524 ||  1160
Dodge: Dodged            |    58 |    53 |    81 |   166 |   248 ||   606
Block: Shield            |   131 |    95 |   271 |   512 |   829 ||  1838
